Construct Infanterie Kompanie
Selects Mechanized Battlegroup
Construct Luftwaffe Kompanie
Selects Mobile Repair Stations
Selects 8 Rad Armored Car
Marder III M Tank Destroyer
Marder III M Tank Destroyer
Selects Wespe Self-propelled Artillery
Wespe Self-propelled Artillery
Marder III M Tank Destroyer
Marder III M Tank Destroyer
Selects Zeroing Artillery Barrage
Zeroing Artillery Barrage
Zeroing Artillery Barrage
Construct Panzer Kompanie
Zeroing Artillery Barrage
Zeroing Artillery Barrage
Selects Panther Heavy Tank
Zeroing Artillery Barrage
Marder III M Tank Destroyer
Flak 30 Anti-aircraft Gun Team